Workbook

Sheet FSM Model
B2: AT&T INC. (T) · financial statement model
B3: General · revenue growth · USD in millions, except per-share and per-unit amounts; shares in millions · fiscal years end in December
B4: Key | C4: Assumption | D4: Formula | E4: Link | F4: Optional | G4: Blue on yellow: type an assumption; a blank one counts as zero · Black: formula · Green: linked to the Historical sheet · Blue on grey: an optional amount, for an item that may not recur; blank means none
B5: Base
C6: Actual | F6: Forecast
B7: Fiscal year | C7: 2023A | D7: 2024A | E7: 2025A | F7: 2026E | G7: 2027E | H7: 2028E | I7: 2029E | J7: 2030E | K7: Notes
B8: Fiscal year ends | C8: 45291 | D8: 45657 | E8: 46022 | F8: =EDATE(E8,12) -> 46387 | G8: =EDATE(F8,12) -> 46752 | H8: =EDATE(G8,12) -> 47118 | I8: =EDATE(H8,12) -> 47483 | J8: =EDATE(I8,12) -> 47848
A9: x | B9: INCOME STATEMENT
B10: The lines AT&T INC. prints, linked to Historical. Costs are positive amounts subtracted; nonoperating items are positive for income and negative for expense. Grey forecast cells take an amount for an item that need not recur; blank means none.
B11: Service | C11: =Historical!C9 -> 99649000000 | D11: =Historical!D9 -> 100135000000 | E11: =Historical!E9 -> 101158000000 | F11: =E11*(1+F37) -> 1.0077618e+11 | G11: =F11*(1+G37) -> 1.0014864e+11 | H11: =G11*(1+H37) -> 9.9655056e+10 | I11: =H11*(1+I37) -> 9.9159104e+10 | J11: =I11*(1+J37) -> 9.8625885e+10 | K11: Forecast: prior year × (1 + growth).
B12: Equipment | C12: =Historical!C10 -> 22779000000 | D12: =Historical!D10 -> 22201000000 | E12: =Historical!E10 -> 24490000000 | F12: =E12*(1+F38) -> 2.4710501e+10 | G12: =F12*(1+G38) -> 2.5177801e+10 | H12: =G12*(1+H38) -> 2.6151495e+10 | I12: =H12*(1+I38) -> 2.6731949e+10 | J12: =I12*(1+J38) -> 2.7442836e+10 | K12: Forecast: prior year × (1 + growth).
B13: Revenue | C13: =Historical!C11 -> 122428000000 | D13: =Historical!D11 -> 122336000000 | E13: =Historical!E11 -> 125648000000 | F13: =F11+F12 -> 1.2548668e+11 | G13: =G11+G12 -> 1.2532644e+11 | H13: =H11+H12 -> 1.2580655e+11 | I13: =I11+I12 -> 1.2589105e+11 | J13: =J11+J12 -> 1.2606872e+11 | K13: The revenue lines above. Actual: as reported.
B14: Equipment | C14: =Historical!C14 -> 23136000000 | D14: =Historical!D14 -> 22249000000 | E14: =Historical!E14 -> 25396000000 | F14: =F12*F39 -> 2.5162119e+10 | G14: =G12*G39 -> 2.5659814e+10 | H14: =H12*H39 -> 2.6800187e+10 | I14: =I12*I39 -> 2.7286422e+10 | J14: =J12*J39 -> 2.8034609e+10 | K14: Cost of revenue. Forecast: a percentage of the revenue it serves.
B15: Other cost of revenues (exclusive of depreciation and amortization shown separately below) | C15: =Historical!C15 -> 26987000000 | D15: =Historical!D15 -> 26972000000 | E15: =Historical!E15 -> 25424000000 | F15: =F13*F40 -> 2.690641e+10 | G15: =G13*G40 -> 2.6620767e+10 | H15: =H13*H40 -> 2.6384609e+10 | I15: =I13*I40 -> 2.6712048e+10 | J15: =J13*J40 -> 2.6655925e+10 | K15: Operating expense. Forecast: a percentage of revenue.
B16: Selling, general and administrative | C16: =Historical!C16 -> 28874000000 | D16: =Historical!D16 -> 28411000000 | E16: =Historical!E16 -> 28942000000 | F16: =F13*F41 -> 2.9214306e+10 | G16: =G13*G41 -> 2.9050141e+10 | H16: =H13*H41 -> 2.9142909e+10 | I16: =I13*I41 -> 2.9217316e+10 | J16: =J13*J41 -> 2.922813e+10 | K16: Operating expense. Forecast: a percentage of revenue.
B17: Asset impairments and abandonments and restructuring | C17: =Historical!C17 -> 1193000000 | D17: =Historical!D17 -> 5075000000 | E17: =Historical!E17 -> 838000000 | K17: One-time or irregular charge. Not forecast: type an amount into a forecast year only if you expect one, as a positive cost.
B18: Depreciation and amortization | C18: =Historical!C18 -> 18777000000 | D18: =Historical!D18 -> 20580000000 | E18: =Historical!E18 -> 20886000000 | F18: =F13*F42 -> 2.0405107e+10 | G18: =G13*G42 -> 2.0764888e+10 | H18: =H13*H42 -> 2.0737971e+10 | I18: =I13*I42 -> 2.0693733e+10 | J18: =J13*J42 -> 2.0797334e+10 | K18: Operating expense. Forecast: a percentage of revenue.
B19: Total operating expenses | C19: =C14+C15+C16+C17+C18 -> 98967000000 | D19: =D14+D15+D16+D17+D18 -> 103287000000 | E19: =E14+E15+E16+E17+E18 -> 101486000000 | F19: =F14+F15+F16+F17+F18 -> 1.0168794e+11 | G19: =G14+G15+G16+G17+G18 -> 1.0209561e+11 | H19: =H14+H15+H16+H17+H18 -> 1.0306568e+11 | I19: =I14+I15+I16+I17+I18 -> 1.0390952e+11 | J19: =J14+J15+J16+J17+J18 -> 1.04716e+11 | K19: The lines above, as the company totals them.
B20: Operating income | C20: =Historical!C20 -> 23461000000 | D20: =Historical!D20 -> 19049000000 | E20: =Historical!E20 -> 24162000000 | F20: =F13-F19 -> 2.3798734e+10 | G20: =G13-G19 -> 2.3230825e+10 | H20: =H13-H19 -> 2.2740875e+10 | I20: =I13-I19 -> 2.1981533e+10 | J20: =J13-J19 -> 2.1352724e+10 | K20: Revenue less operating expenses.
B21: Interest expense | C21: =Historical!C22 -> -6704000000 | D21: =Historical!D22 -> -6759000000 | E21: =Historical!E22 -> -6804000000 | F21: =-F193 -> -7.3116951e+09 | G21: =-G193 -> -7.3027784e+09 | H21: =-H193 -> -7.2934159e+09 | I21: =-I193 -> -7.2845214e+09 | J21: =-J193 -> -7.2751823e+09 | K21: Shown negative. Forecast: minus total interest expense, on debt and on the revolver, from the debt and interest schedule.
B22: Equity in net income of affiliates | C22: =Historical!C23 -> 1675000000 | D22: =Historical!D23 -> 1989000000 | E22: =Historical!E23 -> 1895000000 | F22: =E22*(1+F43) -> 1.9426494e+09 | G22: =F22*(1+G43) -> 2.0497202e+09 | H22: =G22*(1+H43) -> 2.0722677e+09 | I22: =H22*(1+I43) -> 2.1353067e+09 | J22: =I22*(1+J43) -> 2.2040183e+09 | K22: Share of investees’ results. Forecast: prior year × (1 + growth).
B23: Other income (expense) – net | C23: =Historical!C24 -> 1416000000 | D23: =Historical!D24 -> 2419000000 | E23: =Historical!E24 -> 7754000000 | K23: Other nonoperating item. Not forecast: type an amount into a forecast year only if you expect one, positive for income and negative for expense.
B24: Total other income (expense) | C24: =C21+C22+C23 -> -3613000000 | D24: =D21+D22+D23 -> -2351000000 | E24: =E21+E22+E23 -> 2845000000 | F24: =F21+F22+F23 -> -5.3690457e+09 | G24: =G21+G22+G23 -> -5.2530582e+09 | H24: =H21+H22+H23 -> -5.2211482e+09 | I24: =I21+I22+I23 -> -5.1492147e+09 | J24: =J21+J22+J23 -> -5.071164e+09 | K24: The lines above, as the company totals them.
B25: Pretax income | C25: =Historical!C26 -> 19848000000 | D25: =Historical!D26 -> 16698000000 | E25: =Historical!E26 -> 27007000000 | F25: =F20+F24 -> 1.8429688e+10 | G25: =G20+G24 -> 1.7977767e+10 | H25: =H20+H24 -> 1.7519727e+10 | I25: =I20+I24 -> 1.6832318e+10 | J25: =J20+J24 -> 1.628156e+10 | K25: Operating income plus the nonoperating items above, income positive and expense negative.
B26: Income tax expense | C26: =Historical!C27 -> 4225000000 | D26: =Historical!D27 -> 4445000000 | E26: =Historical!E27 -> 3621000000 | F26: =F25*F44 -> 3.7666823e+09 | G26: =G25*G44 -> 3.6234617e+09 | H26: =H25*H44 -> 3.153609e+09 | I26: =I25*I44 -> 3.287559e+09 | J26: =J25*J44 -> 3.1307703e+09 | K26: Forecast: pretax income × effective tax rate.
B27: Net income | C27: =Historical!C28 -> 15623000000 | D27: =Historical!D28 -> 12253000000 | E27: =Historical!E28 -> 23386000000 | F27: =F25-F26 -> 1.4663006e+10 | G27: =G25-G26 -> 1.4354306e+10 | H27: =H25-H26 -> 1.4366118e+10 | I27: =I25-I26 -> 1.3544759e+10 | J27: =J25-J26 -> 1.3150789e+10 | K27: Including the share of noncontrolling interests.
B28: Net income attributable to noncontrolling interests | C28: =-Historical!C29 -> 1223000000 | D28: =-Historical!D29 -> 1305000000 | E28: =-Historical!E29 -> 1433000000 | K28: Printed as “Net Income Attributable to Noncontrolling Interest”. The share of net income belonging to minority holders. Forecast: net income × their share. Its driver is off: type the forecast straight in.
B29: Net income attributable to AT&T | C29: =Historical!C30 -> 14400000000 | D29: =Historical!D30 -> 10948000000 | E29: =Historical!E30 -> 21953000000 | F29: =F27-F28 -> 1.4663006e+10 | G29: =G27-G28 -> 1.4354306e+10 | H29: =H27-H28 -> 1.4366118e+10 | I29: =I27-I28 -> 1.3544759e+10 | J29: =J27-J28 -> 1.3150789e+10 | K29: As reported: net income attributable to the company.
B30: Preferred Stock Dividends and Redemption Gain | C30: =Historical!C31 -> -208000000 | D30: =Historical!D31 -> -202000000 | E30: =Historical!E31 -> -64000000 | K30: Not available to common shareholders, such as preferred dividends. Forecast: prior year × (1 + growth). Its driver is off: type the forecast straight in.
B31: Net income available to common shareholders | C31: =Historical!C32 -> 14192000000 | D31: =Historical!D32 -> 10746000000 | E31: =Historical!E32 -> 21889000000 | F31: =F29+F30 -> 1.4663006e+10 | G31: =G29+G30 -> 1.4354306e+10 | H31: =H29+H30 -> 1.4366118e+10 | I31: =I29+I30 -> 1.3544759e+10 | J31: =J29+J30 -> 1.3150789e+10 | K31: Printed as “Net Income Attributable to Common Stock”. What diluted EPS is measured on.
B32: Diluted shares (weighted average) | C32: =C31/C33 -> 7.2040609e+09 | D32: =D31/D33 -> 7.2120805e+09 | E32: =E31/E33 -> 7.2003289e+09 | F32: =E32*(1+F45) -> 7.1984705e+09 | G32: =F32*(1+G45) -> 7.1966125e+09 | H32: =G32*(1+H45) -> 7.1914653e+09 | I32: =H32*(1+I45) -> 7.1885134e+09 | J32: =I32*(1+J45) -> 7.1851975e+09 | K32: Actual: as reported, or net income available to common shareholders ÷ diluted EPS where only EPS is printed. Forecast: prior year × (1 + change).
B33: Diluted EPS | C33: =Historical!C34 -> 1.97 | D33: =Historical!D34 -> 1.49 | E33: =Historical!E34 -> 3.04 | F33: =F31/F32 -> 2.0369613 | G33: =G31/G32 -> 1.994592 | H33: =H31/H32 -> 1.9976622 | I33: =I31/I32 -> 1.8842226 | J33: =J31/J32 -> 1.8302614 | K33: Net income available to common shareholders ÷ diluted shares. Actual: as reported.
B35: INCOME STATEMENT DRIVERS (Avgs with historals)
B36: Actual columns show what each driver was. Type each forecast assumption into the yellow cells; a blank one counts as zero.
B37: Service growth | C37: =C11/Historical!E209-1 -> 0.018583067 | D37: =D11/C11-1 -> 0.0048771187 | E37: =E11/D11-1 -> 0.010216208 | F37: =F212 -> -0.0037745355 | G37: =G212 -> -0.0062270696 | H37: =H212 -> -0.0049284656 | I37: =I212 -> -0.0049766902 | J37: =J212 -> -0.0053774085 | K37: Year-on-year change in service.
B38: Equipment growth | C38: =C12/Historical!E210-1 -> -0.0057180271 | D38: =D12/C12-1 -> -0.025374248 | E38: =E12/D12-1 -> 0.10310346 | F38: =F213 -> 0.0090037295 | G38: =G213 -> 0.018910982 | H38: =H213 -> 0.038672725 | I38: =I213 -> 0.022195812 | J38: =J213 -> 0.026593173 | K38: Year-on-year change in equipment.
B39: Equipment, % of equipment | C39: =C14/C12 -> 1.0156723 | D39: =D14/D12 -> 1.0021621 | E39: =E14/E12 -> 1.0369947 | F39: =F214 -> 1.0182764 | G39: =G214 -> 1.0191444 | H39: =H214 -> 1.0248051 | I39: =I214 -> 1.020742 | J39: =J214 -> 1.0215638 | K39: Equipment ÷ equipment.
B40: Other cost of revenues (exclusive of depreciation and amortization shown separately below), % of revenue | C40: =C15/C13 -> 0.2204316 | D40: =D15/D13 -> 0.22047476 | E40: =E15/E13 -> 0.20234305 | F40: =F215 -> 0.21441647 | G40: =G215 -> 0.21241143 | H40: =H215 -> 0.20972365 | I40: =I215 -> 0.21218385 | J40: =J215 -> 0.21143964 | K40: Other cost of revenues (exclusive of depreciation and amortization shown separately below) ÷ revenue.
B41: Selling, general and administrative, % of revenue | C41: =C16/C13 -> 0.23584474 | D41: =D16/D13 -> 0.23223744 | E41: =E16/E13 -> 0.23034191 | F41: =F216 -> 0.23280803 | G41: =G216 -> 0.23179579 | H41: =H216 -> 0.23164858 | I41: =I216 -> 0.23208413 | J41: =J216 -> 0.23184284 | K41: Selling, general and administrative ÷ revenue.
B42: Depreciation and amortization, % of revenue | C42: =C18/C13 -> 0.15337178 | D42: =D18/D13 -> 0.16822522 | E42: =E18/E13 -> 0.16622628 | F42: =F217 -> 0.16260776 | G42: =G217 -> 0.16568642 | H42: =H217 -> 0.16484015 | I42: =I217 -> 0.16437811 | J42: =J217 -> 0.16496823 | K42: Depreciation and amortization ÷ revenue.
B43: Equity in net income of affiliates growth | C43: =C22/Historical!E220-1 -> -0.064768286 | D43: =D22/C22-1 -> 0.18746269 | E43: =E22/D22-1 -> -0.04725993 | F43: =F218 -> 0.025144824 | G43: =G218 -> 0.05511586 | H43: =H218 -> 0.011000251 | I43: =I218 -> 0.030420312 | J43: =J218 -> 0.032178808 | K43: Year-on-year change; NM where the earlier year is a loss.
B44: Effective tax rate | C44: =C26/C25 -> 0.2128678 | D44: =D26/D25 -> 0.26619954 | E44: =E26/E25 -> 0.13407635 | F44: =F219 -> 0.20438123 | G44: =G219 -> 0.20155238 | H44: =H219 -> 0.18000332 | I44: =I219 -> 0.19531231 | J44: =J219 -> 0.19228933 | K44: Income tax expense ÷ pretax income; NM where pretax income is zero or negative.
B45: Change in diluted shares | D45: =D32/C32-1 -> 0.0011132087 | E45: =E32/D32-1 -> -0.0016294313 | F45: =F220 -> -0.00025811129 | G45: =G220 -> -0.00025811129 | H45: =H220 -> -0.00071521795 | I45: =I220 -> -0.00041048018 | J45: =J220 -> -0.00046126981 | K45: Negative for a net buyback.
B47: EBITDA, MARGINS & GROWTH
B48: Worked out from the statements and the schedules; nothing to enter.
B49: Depreciation & amortization | C49: =C169 -> 18777000000 | D49: =D169 -> 20580000000 | E49: =E169 -> 20886000000 | F49: =F169 -> 2.0405107e+10 | G49: =G169 -> 2.0764888e+10 | H49: =H169 -> 2.0737971e+10 | I49: =I169 -> 2.0693733e+10 | J49: =J169 -> 2.0797334e+10 | K49: From the fixed asset schedule below.
B50: EBITDA | C50: =C20+C169 -> 42238000000 | D50: =D20+D169 -> 39629000000 | E50: =E20+E169 -> 45048000000 | F50: =F20+F169 -> 4.4203841e+10 | G50: =G20+G169 -> 4.3995714e+10 | H50: =H20+H169 -> 4.3478847e+10 | I50: =I20+I169 -> 4.2675267e+10 | J50: =J20+J169 -> 4.2150057e+10 | K50: Operating income plus D&A.
B51: Revenue growth | C51: =C13/Historical!E211-1 -> 0.013972056 | D51: =D13/C13-1 -> -0.00075146208 | E51: =E13/D13-1 -> 0.027072979 | F51: =F13/E13-1 -> -0.0012839291 | G51: =G13/F13-1 -> -0.0012769516 | H51: =H13/G13-1 -> 0.0038309162 | I51: =I13/H13-1 -> 0.00067167672 | J51: =J13/I13-1 -> 0.0014112865
B52: Gross margin | C52: =(C13-C14)/C13 -> 0.81102362 | D52: =(D13-D14)/D13 -> 0.81813203 | E52: =(E13-E14)/E13 -> 0.79787979 | F52: =(F13-F14)/F13 -> 0.79948374 | G52: =(G13-G14)/G13 -> 0.79525617 | H52: =(H13-H14)/H13 -> 0.78697304 | I52: =(I13-I14)/I13 -> 0.78325368 | J52: =(J13-J14)/J13 -> 0.77762439
B53: Operating margin | C53: =C20/C13 -> 0.191631 | D53: =D20/D13 -> 0.1557105 | E53: =E20/E13 -> 0.19229912 | F53: =F20/F13 -> 0.18965148 | G53: =G20/G13 -> 0.18536253 | H53: =H20/H13 -> 0.18076066 | I53: =I20/I13 -> 0.17460759 | J53: =J20/J13 -> 0.16937368
B54: EBITDA margin | C54: =C50/C13 -> 0.34500278 | D54: =D50/D13 -> 0.32393572 | E54: =E50/E13 -> 0.3585254 | F54: =F50/F13 -> 0.35225924 | G54: =G50/G13 -> 0.35104895 | H54: =H50/H13 -> 0.34560081 | I54: =I50/I13 -> 0.3389857 | J54: =J50/J13 -> 0.33434191
B55: Net margin | C55: =C29/C13 -> 0.11762015 | D55: =D29/D13 -> 0.089491237 | E55: =E29/E13 -> 0.17471826 | F55: =F29/F13 -> 0.1168491 | G55: =G29/G13 -> 0.11453534 | H55: =H29/H13 -> 0.11419213 | I55: =I29/I13 -> 0.10759112 | J55: =J29/J13 -> 0.10431445
B56: Diluted EPS growth | C56: NM | D56: =D33/C33-1 -> -0.24365482 | E56: =E33/D33-1 -> 1.0402685 | F56: =F33/E33-1 -> -0.32994694 | G56: =G33/F33-1 -> -0.020800247 | H56: =H33/G33-1 -> 0.0015392468 | I56: =I33/H33-1 -> -0.056786149 | J56: =J33/I33-1 -> -0.028638471 | K56: NM where the earlier year’s EPS is zero or negative.
A58: x | B58: BALANCE SHEET
B59: The lines AT&T INC. prints, linked to Historical, each forecast by what drives it: cash from the cash flow statement, working capital from its days and ratios, fixed assets from capital expenditures and D&A, debt from its schedule and equity from net income, dividends and buybacks. A line nothing drives holds its last balance.
B60: Cash and cash equivalents | C60: =Historical!C54 -> 6722000000 | D60: =Historical!D54 -> 3298000000 | E60: =Historical!E54 -> 18234000000 | F60: =F152 -> 3.2569121e+10 | G60: =G152 -> 3.0918532e+10 | H60: =H152 -> 4.2519188e+10 | I60: =I152 -> 4.0030287e+10 | J60: =J152 -> 5.0702817e+10 | K60: Forecast: cash at the end of the year, from the cash flow statement.
B61: Accounts receivable, net | C61: =Historical!C55 -> 10289000000 | D61: =Historical!D55 -> 9638000000 | E61: =Historical!E55 -> 8843000000 | F61: =F13*F158/365 -> 9.7546403e+09 | G61: =G13*G158/365 -> 9.4787161e+09 | H61: =H13*H158/365 -> 9.3828976e+09 | I61: =I13*I158/365 -> 9.5655645e+09 | J61: =J13*J158/365 -> 9.5054572e+09 | K61: Printed as “Accounts receivable – net of related allowance for credit loss of $429 and $375”. Forecast: revenue × receivable days ÷ 365.
B62: Inventories | C62: =Historical!C56 -> 2177000000 | D62: =Historical!D56 -> 2270000000 | E62: =Historical!E56 -> 2420000000 | F62: =F157*F159/365 -> 2.4441932e+09 | G62: =G157*G159/365 -> 2.5185575e+09 | H62: =H157*H159/365 -> 2.5958682e+09 | I62: =I157*I159/365 -> 2.6572401e+09 | J62: =J157*J159/365 -> 2.7323944e+09 | K62: Forecast: cost of revenue × inventory days ÷ 365.
B63: Prepaid and other current assets | C63: =Historical!C57 -> 17270000000 | D63: =Historical!D57 -> 15962000000 | E63: =Historical!E57 -> 19235000000 | F63: =F13*F160 -> 1.3321215e+10 | G63: =G13*G160 -> 1.221054e+10 | H63: =H13*H160 -> 1.121794e+10 | I63: =I13*I160 -> 9.2137918e+09 | J63: =J13*J160 -> 8.1877432e+09 | K63: Forecast: revenue × its share of revenue.
B64: Total current assets | C64: =Historical!C58 -> 36458000000 | D64: =Historical!D58 -> 31168000000 | E64: =Historical!E58 -> 48732000000 | F64: =F60+F61+F62+F63 -> 5.808917e+10 | G64: =G60+G61+G62+G63 -> 5.5126346e+10 | H64: =H60+H61+H62+H63 -> 6.5715893e+10 | I64: =I60+I61+I62+I63 -> 6.1466884e+10 | J64: =J60+J61+J62+J63 -> 7.1128412e+10 | K64: The lines above, as the company totals them.
B65: Property, Plant and Equipment – Net | C65: =Historical!C59 -> 128489000000 | D65: =Historical!D59 -> 128871000000 | E65: =Historical!E59 -> 131559000000 | F65: =F174 -> 1.3190388e+11 | G65: =G174 -> 1.3231563e+11 | H65: =H174 -> 1.3264176e+11 | I65: =I174 -> 1.3281048e+11 | J65: =J174 -> 1.3294719e+11 | K65: Forecast: opening balance plus capital expenditures less depreciation, from the roll-forward in the fixed asset schedule.
B66: Goodwill – Net | C66: =Historical!C60 -> 67854000000 | D66: =Historical!D60 -> 63432000000 | E66: =Historical!E60 -> 63425000000 | F66: =E66 -> 63425000000 | G66: =F66 -> 63425000000 | H66: =G66 -> 63425000000 | I66: =H66 -> 63425000000 | J66: =I66 -> 63425000000 | K66: Forecast: held at the last balance; no acquisitions are assumed.
B67: Licenses – Net | C67: =Historical!C61 -> 127219000000 | D67: =Historical!D61 -> 127035000000 | E67: =Historical!E61 -> 128148000000 | F67: =E67 -> 128148000000 | G67: =F67 -> 128148000000 | H67: =G67 -> 128148000000 | I67: =H67 -> 128148000000 | J67: =I67 -> 128148000000 | K67: Forecast: held at the last balance.
B68: Other Intangible Assets – Net | C68: =Historical!C62 -> 5283000000 | D68: =Historical!D62 -> 5255000000 | E68: =Historical!E62 -> 5254000000 | F68: =F177 -> 4.4703871e+09 | G68: =G177 -> 3.7897082e+09 | H68: =H177 -> 3.2122814e+09 | I68: =I177 -> 2.7229762e+09 | J68: =J177 -> 2.305141e+09 | K68: Forecast: opening balance less amortization, from the roll-forward in the fixed asset schedule.
B69: Investments in and Advances to Equity Affiliates | C69: =Historical!C63 -> 1251000000 | D69: =Historical!D63 -> 295000000 | E69: =Historical!E63 -> 1106000000 | F69: =E69 -> 1106000000 | G69: =F69 -> 1106000000 | H69: =G69 -> 1106000000 | I69: =H69 -> 1106000000 | J69: =I69 -> 1106000000 | K69: Forecast: held at the last balance.
B70: Operating Lease Right-Of-Use Assets | C70: =Historical!C64 -> 20905000000 | D70: =Historical!D64 -> 20909000000 | E70: =Historical!E64 -> 22642000000 | F70: =E70 -> 22642000000 | G70: =F70 -> 22642000000 | H70: =G70 -> 22642000000 | I70: =H70 -> 22642000000 | J70: =I70 -> 22642000000 | K70: Forecast: held at the last balance.
B71: Other Assets | C71: =Historical!C65 -> 19601000000 | D71: =Historical!D65 -> 17830000000 | E71: =Historical!E65 -> 19332000000 | F71: =E71 -> 19332000000 | G71: =F71 -> 19332000000 | H71: =G71 -> 19332000000 | I71: =H71 -> 19332000000 | J71: =I71 -> 19332000000 | K71: Forecast: held at the last balance.
B72: Total Assets | C72: =Historical!C66 -> 407060000000 | D72: =Historical!D66 -> 394795000000 | E72: =Historical!E66 -> 420198000000 | F72: =F64+F65+F66+F67+F68+F69+F70+F71 -> 4.2911644e+11 | G72: =G64+G65+G66+G67+G68+G69+G70+G71 -> 4.2588468e+11 | H72: =H64+H65+H66+H67+H68+H69+H70+H71 -> 4.3622294e+11 | I72: =I64+I65+I66+I67+I68+I69+I70+I71 -> 4.3165334e+11 | J72: =J64+J65+J66+J67+J68+J69+J70+J71 -> 4.4103375e+11 | K72: The lines above, as the company totals them.
B73: Debt maturing within one year | C73: =Historical!C69 -> 9477000000 | D73: =Historical!D69 -> 5089000000 | E73: =Historical!E69 -> 9011000000 | F73: =E73*(1+F182) -> 9461550000 | G73: =F73*(1+G182) -> 8988472500 | H73: =G73*(1+H182) -> 9437896125 | I73: =H73*(1+I182) -> 8.9660013e+09 | J73: =I73*(1+J182) -> 9.4143014e+09 | K73: Forecast: opening balance × (1 + change in debt), from the debt schedule.
B74: Accounts payable and accrued liabilities | C74: =Historical!C70 -> 35852000000 | D74: =Historical!D70 -> 35657000000 | E74: =Historical!E70 -> 38514000000 | F74: =F157*F161/365 -> 3.9158896e+10 | G74: =G157*G161/365 -> 3.9990271e+10 | H74: =H157*H161/365 -> 4.137306e+10 | I74: =I157*I161/365 -> 4.2371289e+10 | J74: =J157*J161/365 -> 4.3501049e+10 | K74: Forecast: cost of revenue × payable days ÷ 365.
B75: Advanced billings and customer deposits | C75: =Historical!C71 -> 3778000000 | D75: =Historical!D71 -> 4099000000 | E75: =Historical!E71 -> 4266000000 | F75: =F13*F162 -> 3.0843693e+09 | G75: =G13*G162 -> 2.8836777e+09 | H75: =H13*H162 -> 2.5645849e+09 | I75: =I13*I162 -> 2.1393213e+09 | J75: =J13*J162 -> 1.9032567e+09 | K75: Forecast: revenue × its share of revenue.
B76: Dividends payable | C76: =Historical!C72 -> 2020000000 | D76: =Historical!D72 -> 2027000000 | E76: =Historical!E72 -> 1989000000 | F76: =F13*F163 -> 1.5340292e+09 | G76: =G13*G163 -> 1.3981322e+09 | H76: =H13*H163 -> 1.2332344e+09 | I76: =I13*I163 -> 1.0443666e+09 | J76: =J13*J163 -> 9.220145e+08 | K76: Forecast: revenue × its share of revenue.
B77: Total current liabilities | C77: =Historical!C73 -> 51127000000 | D77: =Historical!D73 -> 46872000000 | E77: =Historical!E73 -> 53780000000 | F77: =F73+F74+F75+F76 -> 5.3238845e+10 | G77: =G73+G74+G75+G76 -> 5.3260553e+10 | H77: =H73+H74+H75+H76 -> 5.4608776e+10 | I77: =I73+I74+I75+I76 -> 5.4520978e+10 | J77: =J73+J74+J75+J76 -> 5.5740622e+10 | K77: The lines above, as the company totals them.
B78: Long-Term Debt | C78: =Historical!C74 -> 127854000000 | D78: =Historical!D74 -> 118443000000 | E78: =Historical!E74 -> 127089000000 | F78: =E78*(1+F182) -> 133443450000 | G78: =F78*(1+G182) -> 126771277500 | H78: =G78*(1+H182) -> 133109841375 | I78: =H78*(1+I182) -> 1.2645435e+11 | J78: =I78*(1+J182) -> 1.3277707e+11 | K78: Forecast: opening balance × (1 + change in debt), from the debt schedule.
B79: Noncurrent deferred tax liabilities | C79: =Historical!C76 -> 58666000000 | D79: =Historical!D76 -> 58939000000 | E79: =Historical!E76 -> 58312000000 | F79: =E79 -> 58312000000 | G79: =F79 -> 58312000000 | H79: =G79 -> 58312000000 | I79: =H79 -> 58312000000 | J79: =I79 -> 58312000000 | K79: Forecast: held at the last balance.
B80: Postemployment benefit obligation | C80: =Historical!C77 -> 8734000000 | D80: =Historical!D77 -> 9025000000 | E80: =Historical!E77 -> 8478000000 | F80: =E80 -> 8478000000 | G80: =F80 -> 8478000000 | H80: =G80 -> 8478000000 | I80: =H80 -> 8478000000 | J80: =I80 -> 8478000000 | K80: Forecast: held at the last balance.
B81: Operating lease liabilities | C81: =Historical!C78 -> 17568000000 | D81: =Historical!D78 -> 17391000000 | E81: =Historical!E78 -> 18943000000 | F81: =E81 -> 18943000000 | G81: =F81 -> 18943000000 | H81: =G81 -> 18943000000 | I81: =H81 -> 18943000000 | J81: =I81 -> 18943000000 | K81: Forecast: held at the last balance.
B82: Other noncurrent liabilities | C82: =Historical!C79 -> 23696000000 | D82: =Historical!D79 -> 23900000000 | E82: =Historical!E79 -> 25104000000 | F82: =E82 -> 25104000000 | G82: =F82 -> 25104000000 | H82: =G82 -> 25104000000 | I82: =H82 -> 25104000000 | J82: =I82 -> 25104000000 | K82: Forecast: held at the last balance.
B83: Total deferred credits and other noncurrent liabilities | C83: =Historical!C80 -> 108664000000 | D83: =Historical!D80 -> 109255000000 | E83: =Historical!E80 -> 110837000000 | F83: =F79+F80+F81+F82 -> 110837000000 | G83: =G79+G80+G81+G82 -> 110837000000 | H83: =H79+H80+H81+H82 -> 110837000000 | I83: =I79+I80+I81+I82 -> 110837000000 | J83: =J79+J80+J81+J82 -> 110837000000 | K83: The lines above, as the company totals them.
B84: Redeemable Noncontrolling Interest | C84: =Historical!C81 -> 1973000000 | D84: =Historical!D81 -> 1980000000 | E84: =Historical!E81 -> 2001000000 | F84: =E84 -> 2001000000 | G84: =F84 -> 2001000000 | H84: =G84 -> 2001000000 | I84: =H84 -> 2001000000 | J84: =I84 -> 2001000000 | K84: Forecast: held at the last balance.
B85: Revolving credit facility | F85: =F190 -> 0 | G85: =G190 -> 0 | H85: =H190 -> 0 | I85: =I190 -> 0 | J85: =J190 -> 0 | K85: The model’s own line, not printed: it draws when cash would fall below the minimum you set and surplus cash repays it first, from the roll-forward in the debt schedule. Nothing is drawn in the actual years.
B86: Series A (48,000 issued and outstanding at and) | C86: =Historical!C83 -> 0 | D86: =Historical!D83 -> 0 | E86: =Historical!E83 -> 0 | F86: =E86 -> 0 | G86: =F86 -> 0 | H86: =G86 -> 0 | I86: =H86 -> 0 | J86: =I86 -> 0 | K86: Forecast: held at the last balance.
B87: Series B (20,000 issued and 0 outstanding at and 20,000 issued and outstanding at) | C87: =Historical!C84 -> 0 | D87: =Historical!D84 -> 0 | E87: =Historical!E84 -> 0 | F87: =E87 -> 0 | G87: =F87 -> 0 | H87: =G87 -> 0 | I87: =H87 -> 0 | J87: =I87 -> 0 | K87: Forecast: held at the last balance.
B88: Series C (70,000 issued and outstanding at and) | C88: =Historical!C85 -> 0 | D88: =Historical!D85 -> 0 | E88: =Historical!E85 -> 0 | F88: =E88 -> 0 | G88: =F88 -> 0 | H88: =G88 -> 0 | I88: =H88 -> 0 | J88: =I88 -> 0 | K88: Forecast: held at the last balance.
B89: Common stock | C89: =Historical!C86 -> 7621000000 | D89: =Historical!D86 -> 7621000000 | E89: =Historical!E86 -> 7621000000 | F89: =E89 -> 7621000000 | G89: =F89 -> 7621000000 | H89: =G89 -> 7621000000 | I89: =H89 -> 7621000000 | J89: =I89 -> 7621000000 | K89: Printed as “Common stock ($1 par value, 14,000,000,000 authorized at and: issued 7,620,748,598 at and)”. Forecast: held at the last balance.
B90: Additional paid-in capital | C90: =Historical!C87 -> 114519000000 | D90: =Historical!D87 -> 109108000000 | E90: =Historical!E87 -> 106533000000 | F90: =E90 -> 106533000000 | G90: =F90 -> 106533000000 | H90: =G90 -> 106533000000 | I90: =H90 -> 106533000000 | J90: =I90 -> 106533000000 | K90: Forecast: held at the last balance.
B91: Retained earnings | C91: =Historical!C88 -> -5015000000 | D91: =Historical!D88 -> 1871000000 | E91: =Historical!E88 -> 15768000000 | F91: =F205 -> 2.2145811e+10 | G91: =G205 -> 2.8227071e+10 | H91: =H205 -> 3.4356949e+10 | I91: =I205 -> 3.9668522e+10 | J91: =J205 -> 4.459951e+10 | K91: Forecast: opening balance plus net income less dividends, preferred dividends, from the roll-forward in the equity schedule.
B92: Treasury stock (583,246,242 at and 444,853,148 at, at cost) | C92: =Historical!C89 -> -16128000000 | D92: =Historical!D89 -> -15023000000 | E92: =Historical!E89 -> -18529000000 | F92: =E92-F200 -> -2.1801667e+10 | G92: =F92-G200 -> -2.4464222e+10 | H92: =G92-H200 -> -2.794263e+10 | I92: =H92-I200 -> -3.1080506e+10 | J92: =I92-J200 -> -3.4173453e+10 | K92: Forecast: opening balance less share repurchases.
B93: Accumulated other comprehensive income (loss) | C93: =Historical!C90 -> 2300000000 | D93: =Historical!D90 -> 795000000 | E93: =Historical!E90 -> -860000000 | F93: =E93 -> -860000000 | G93: =F93 -> -860000000 | H93: =G93 -> -860000000 | I93: =H93 -> -860000000 | J93: =I93 -> -860000000 | K93: Forecast: held at the last balance.
B94: Noncontrolling interest | C94: =Historical!C91 -> 14145000000 | D94: =Historical!D91 -> 13873000000 | E94: =Historical!E91 -> 15958000000 | F94: =E94+F28 -> 15958000000 | G94: =F94+G28 -> 15958000000 | H94: =G94+H28 -> 15958000000 | I94: =H94+I28 -> 15958000000 | J94: =I94+J28 -> 15958000000 | K94: Forecast: opening balance plus the minority’s share of net income.
B95: Total stockholders’ equity | C95: =Historical!C92 -> 117442000000 | D95: =Historical!D92 -> 118245000000 | E95: =Historical!E92 -> 126491000000 | F95: =F86+F87+F88+F89+F90+F91+F92+F93+F94 -> 1.2959614e+11 | G95: =G86+G87+G88+G89+G90+G91+G92+G93+G94 -> 1.3301485e+11 | H95: =H86+H87+H88+H89+H90+H91+H92+H93+H94 -> 1.3566632e+11 | I95: =I86+I87+I88+I89+I90+I91+I92+I93+I94 -> 1.3784002e+11 | J95: =J86+J87+J88+J89+J90+J91+J92+J93+J94 -> 1.3967806e+11 | K95: The lines above, as the company totals them.
B96: Total Liabilities and Stockholders’ Equity | C96: =Historical!C93 -> 407060000000 | D96: =Historical!D93 -> 394795000000 | E96: =Historical!E93 -> 420198000000 | F96: =F77+F78+F83+F84+F85+F95 -> 4.2911644e+11 | G96: =G77+G78+G83+G84+G85+G95 -> 4.2588468e+11 | H96: =H77+H78+H83+H84+H85+H95 -> 4.3622294e+11 | I96: =I77+I78+I83+I84+I85+I95 -> 4.3165334e+11 | J96: =J77+J78+J83+J84+J85+J95 -> 4.4103375e+11 | K96: The lines above, as the company totals them.
B97: Balance check | C97: =C72-C96 -> 0 | D97: =D72-D96 -> 0 | E97: =E72-E96 -> 0 | F97: =F72-F96 -> 0 | G97: =G72-G96 -> 0 | H97: =H72-H96 -> 0 | I97: =I72-I96 -> 0 | J97: =J72-J96 -> 0 | K97: Total assets less total liabilities and equity: zero in every year the model balances.
A99: x | B99: CASH FLOW STATEMENT
B100: Forecast as the reconciliation of the balance sheet: every line is a change in a balance above or a figure from the income statement, so none is typed, and the year’s closing cash is the balance sheet’s. The actual columns show what AT&T INC. reported; the filed statement is on Historical.
B101: Net Income | C101: =Historical!C102 -> 15623000000 | D101: =Historical!D102 -> 12253000000 | E101: =Historical!E102 -> 23386000000 | F101: =F27 -> 1.4663006e+10 | G101: =G27 -> 1.4354306e+10 | H101: =H27 -> 1.4366118e+10 | I101: =I27 -> 1.3544759e+10 | J101: =J27 -> 1.3150789e+10 | K101: From the income statement, including the minority’s share.
B102: Depreciation and amortization | C102: =Historical!C104 -> 18777000000 | D102: =Historical!D104 -> 20580000000 | E102: =Historical!E104 -> 20886000000 | F102: =F169 -> 2.0405107e+10 | G102: =G169 -> 2.0764888e+10 | H102: =H169 -> 2.0737971e+10 | I102: =I169 -> 2.0693733e+10 | J102: =J169 -> 2.0797334e+10 | K102: Added back: a cost that uses no cash, from the fixed asset schedule.
B103: Provision for uncollectible accounts | C103: =Historical!C105 -> 1969000000 | D103: =Historical!D105 -> 1969000000 | E103: =Historical!E105 -> 2271000000 | K103: Not forecast: a non-cash item the balance sheet forecast does not move.
B104: Asset impairments and abandonments and restructuring | C104: =Historical!C106 -> 1193000000 | D104: =Historical!D106 -> 5075000000 | E104: =Historical!E106 -> 838000000 | K104: Not forecast: a non-cash item the balance sheet forecast does not move.
B105: Pension and postretirement benefit expense (credit) | C105: =Historical!C107 -> -2552000000 | D105: =Historical!D107 -> -1883000000 | E105: =Historical!E107 -> -1588000000 | K105: Not forecast: no balance the model forecasts moves it.
...

Sheet Historical
B2: AT&T INC. · historical financial statements
B3: As filed with the SEC, combined from the company’s annual reports: income statement, balance sheet, cash flow statement and stockholders’ equity, one below the other. Company line items and units are retained. Nothing here is projected; the FSM Model links to these cells.
B5: Reported line item | C5: FY2023 2023-12-31 | D5: FY2024 2024-12-31 | E5: FY2025 2025-12-31 | F5: Units
B6: Income Statement · Consolidated Statements Of Income - USD ($)
B7: Consolidated Statements of Income
B8: Operating Revenues
B9: Service | C9: 99649000000 | D9: 100135000000 | E9: 101158000000 | F9: USD (millions)
B10: Equipment | C10: 22779000000 | D10: 22201000000 | E10: 24490000000 | F10: USD (millions)
B11: Total operating revenues | C11: 122428000000 | D11: 122336000000 | E11: 125648000000 | F11: USD (millions)
B12: Operating Expenses
B13: Cost of revenues
B14: Equipment | C14: 23136000000 | D14: 22249000000 | E14: 25396000000 | F14: USD (millions)
B15: Other cost of revenues (exclusive of depreciation and amortization shown separately below) | C15: 26987000000 | D15: 26972000000 | E15: 25424000000 | F15: USD (millions)
B16: Selling, general and administrative | C16: 28874000000 | D16: 28411000000 | E16: 28942000000 | F16: USD (millions)
B17: Asset impairments and abandonments and restructuring | C17: 1193000000 | D17: 5075000000 | E17: 838000000 | F17: USD (millions)
B18: Depreciation and amortization | C18: 18777000000 | D18: 20580000000 | E18: 20886000000 | F18: USD (millions)
B19: Total operating expenses | C19: 98967000000 | D19: 103287000000 | E19: 101486000000 | F19: USD (millions)
B20: Operating Income | C20: 23461000000 | D20: 19049000000 | E20: 24162000000 | F20: USD (millions)
B21: Other Income (Expense)
B22: Interest expense | C22: -6704000000 | D22: -6759000000 | E22: -6804000000 | F22: USD (millions)
B23: Equity in net income of affiliates | C23: 1675000000 | D23: 1989000000 | E23: 1895000000 | F23: USD (millions)
B24: Other income (expense) – net | C24: 1416000000 | D24: 2419000000 | E24: 7754000000 | F24: USD (millions)
B25: Total other income (expense) | C25: -3613000000 | D25: -2351000000 | E25: 2845000000 | F25: USD (millions)
B26: Income Before Income Taxes | C26: 19848000000 | D26: 16698000000 | E26: 27007000000 | F26: USD (millions)
B27: Income tax expense | C27: 4225000000 | D27: 4445000000 | E27: 3621000000 | F27: USD (millions)
B28: Net Income | C28: 15623000000 | D28: 12253000000 | E28: 23386000000 | F28: USD (millions)
B29: Less: Net Income Attributable to Noncontrolling Interest | C29: -1223000000 | D29: -1305000000 | E29: -1433000000 | F29: USD (millions)
B30: Net Income Attributable to AT&T | C30: 14400000000 | D30: 10948000000 | E30: 21953000000 | F30: USD (millions)
B31: Less: Preferred Stock Dividends and Redemption Gain | C31: -208000000 | D31: -202000000 | E31: -64000000 | F31: USD (millions)
B32: Net Income Attributable to Common Stock | C32: 14192000000 | D32: 10746000000 | E32: 21889000000 | F32: USD (millions)
B33: Basic Earnings Per Share Attributable to Common Stock | C33: 1.97 | D33: 1.49 | E33: 3.04 | F33: USD/share
B34: Diluted Earnings Per Share Attributable to Common Stock | C34: 1.97 | D34: 1.49 | E34: 3.04 | F34: USD/share
B35: Additional SEC-reported line items — other tags or scopes
B36: Income (Loss) from Continuing Operations | C36: 15623000000 | D36: 12253000000 | F36: USD (millions)
B37: Loss from discontinued operations, net of tax | C37: 0 | D37: 0 | F37: USD (millions)
B38: Less: Preferred Stock Dividends | C38: -208000000 | D38: -202000000 | F38: USD (millions)
B39: Basic Earnings (Loss) Per Share from continuing operations | C39: 1.97 | D39: 1.49 | F39: USD (actual)
B40: Basic Loss Per Share from discontinued operations | C40: 0 | D40: 0 | F40: USD (actual)
B41: Diluted Earnings (Loss) Per Share from continuing operations | C41: 1.97 | D41: 1.49 | F41: USD (actual)
B42: Diluted Loss Per Share from discontinued operations | C42: 0 | D42: 0 | F42: USD (actual)
B43: Service | C43: 99649000000 | F43: USD (millions)
B44: Equipment | C44: 22779000000 | F44: USD (millions)
B45: Equipment | C45: 23136000000 | F45: USD (millions)
B46: Broadcast, programming and operations | C46: 0 | F46: USD (millions)
B47: Interest expense | C47: -6704000000 | F47: USD (millions)
B48: The accompanying notes are an integral part of the consolidated financial statements.
B50: Balance Sheet · Consolidated Balance Sheets - USD ($)
B51: Consolidated Balance Sheets
B52: Assets
B53: Current Assets
B54: Cash and cash equivalents | C54: 6722000000 | D54: 3298000000 | E54: 18234000000 | F54: USD (millions)
B55: Accounts receivable – net of related allowance for credit loss of $429 and $375 | C55: 10289000000 | D55: 9638000000 | E55: 8843000000 | F55: USD (millions)
B56: Inventories | C56: 2177000000 | D56: 2270000000 | E56: 2420000000 | F56: USD (millions)
B57: Prepaid and other current assets | C57: 17270000000 | D57: 15962000000 | E57: 19235000000 | F57: USD (millions)
B58: Total current assets | C58: 36458000000 | D58: 31168000000 | E58: 48732000000 | F58: USD (millions)
B59: Property, Plant and Equipment – Net | C59: 128489000000 | D59: 128871000000 | E59: 131559000000 | F59: USD (millions)
B60: Goodwill – Net | C60: 67854000000 | D60: 63432000000 | E60: 63425000000 | F60: USD (millions)
B61: Licenses – Net | C61: 127219000000 | D61: 127035000000 | E61: 128148000000 | F61: USD (millions)
B62: Other Intangible Assets – Net | C62: 5283000000 | D62: 5255000000 | E62: 5254000000 | F62: USD (millions)
B63: Investments in and Advances to Equity Affiliates | C63: 1251000000 | D63: 295000000 | E63: 1106000000 | F63: USD (millions)
B64: Operating Lease Right-Of-Use Assets | C64: 20905000000 | D64: 20909000000 | E64: 22642000000 | F64: USD (millions)
B65: Other Assets | C65: 19601000000 | D65: 17830000000 | E65: 19332000000 | F65: USD (millions)
B66: Total Assets | C66: 407060000000 | D66: 394795000000 | E66: 420198000000 | F66: USD (millions)
B67: Liabilities and Stockholders’ Equity
B68: Current Liabilities
B69: Debt maturing within one year | C69: 9477000000 | D69: 5089000000 | E69: 9011000000 | F69: USD (millions)
B70: Accounts payable and accrued liabilities | C70: 35852000000 | D70: 35657000000 | E70: 38514000000 | F70: USD (millions)
B71: Advanced billings and customer deposits | C71: 3778000000 | D71: 4099000000 | E71: 4266000000 | F71: USD (millions)
B72: Dividends payable | C72: 2020000000 | D72: 2027000000 | E72: 1989000000 | F72: USD (millions)
B73: Total current liabilities | C73: 51127000000 | D73: 46872000000 | E73: 53780000000 | F73: USD (millions)
B74: Long-Term Debt | C74: 127854000000 | D74: 118443000000 | E74: 127089000000 | F74: USD (millions)
B75: Deferred Credits and Other Noncurrent Liabilities
B76: Noncurrent deferred tax liabilities | C76: 58666000000 | D76: 58939000000 | E76: 58312000000 | F76: USD (millions)
B77: Postemployment benefit obligation | C77: 8734000000 | D77: 9025000000 | E77: 8478000000 | F77: USD (millions)
B78: Operating lease liabilities | C78: 17568000000 | D78: 17391000000 | E78: 18943000000 | F78: USD (millions)
B79: Other noncurrent liabilities | C79: 23696000000 | D79: 23900000000 | E79: 25104000000 | F79: USD (millions)
B80: Total deferred credits and other noncurrent liabilities | C80: 108664000000 | D80: 109255000000 | E80: 110837000000 | F80: USD (millions)
B81: Redeemable Noncontrolling Interest | C81: 1973000000 | D81: 1980000000 | E81: 2001000000 | F81: USD (millions)
B82: Stockholders’ Equity
B83: Series A (48,000 issued and outstanding at [period date] and [period date]) | C83: 0 | D83: 0 | E83: 0 | F83: USD (millions)
B84: Series B (20,000 issued and 0 outstanding at [period date] and 20,000 issued and outstanding at [period date]) | C84: 0 | D84: 0 | E84: 0 | F84: USD (millions)
B85: Series C (70,000 issued and outstanding at [period date] and [period date]) | C85: 0 | D85: 0 | E85: 0 | F85: USD (millions)
B86: Common stock ($1 par value, 14,000,000,000 authorized at [period date] and [period date]: issued 7,620,748,598 at [period date] and [period date]) | C86: 7621000000 | D86: 7621000000 | E86: 7621000000 | F86: USD (millions)
B87: Additional paid-in capital | C87: 114519000000 | D87: 109108000000 | E87: 106533000000 | F87: USD (millions)
B88: Retained earnings | C88: -5015000000 | D88: 1871000000 | E88: 15768000000 | F88: USD (millions)
B89: Treasury stock (583,246,242 at [period date] and 444,853,148 at [period date], at cost) | C89: -16128000000 | D89: -15023000000 | E89: -18529000000 | F89: USD (millions)
B90: Accumulated other comprehensive income (loss) | C90: 2300000000 | D90: 795000000 | E90: -860000000 | F90: USD (millions)
B91: Noncontrolling interest | C91: 14145000000 | D91: 13873000000 | E91: 15958000000 | F91: USD (millions)
B92: Total stockholders’ equity | C92: 117442000000 | D92: 118245000000 | E92: 126491000000 | F92: USD (millions)
B93: Total Liabilities and Stockholders’ Equity | C93: 407060000000 | D93: 394795000000 | E93: 420198000000 | F93: USD (millions)
B94: Additional SEC-reported line items — other tags or scopes
B95: Prepaid and other current assets | C95: 17270000000 | F95: USD (millions)
B96: Note payable to DIRECTV | C96: 0 | F96: USD (millions)
B97: The accompanying notes are an integral part of the consolidated financial statements.
B99: Cash Flow · Consolidated Statements Of Cash Flows - USD ($)
B100: Consolidated Statements of Cash Flows
B101: Operating Activities
B102: Net Income | C102: 15623000000 | D102: 12253000000 | E102: 23386000000 | F102: USD (millions)
B103: Adjustments to reconcile net income to net cash provided by operating activities:
B104: Depreciation and amortization | C104: 18777000000 | D104: 20580000000 | E104: 20886000000 | F104: USD (millions)
...
